 Dungeon Crawl Stone Soup version 0.22-a0-565-gfc6459a (webtiles) character file.

207 MothsLongingForFire the Chopper (level 5, -1/44 HPs)
             Began as a Demonspawn Monk on June 28, 2018.
             Killed by nerve-wracking pain
             ... invoked by an orc priest
              (6 damage)
             ... on level 2 of the Dungeon.
             The game lasted 00:08:00 (3247 turns).

MothsLongingForFire the Chopper (Demonspawn Monk)   Turns: 3247, Time: 00:08:01

Health: -1/44      AC:  8    Str: 12    XL:     5   Next: 54%
Magic:  5/5        EV: 10    Int: 12    God:
Gold:   129        SH:  0    Dex: 19    Spells: 4/4 levels left

rFire    . . .     SeeInvis .   a - +0 hand axe
rCold    . . .     Gourm    .   (no shield)
rNeg     . . .     Faith    .   w - +0 scale mail
rPois    .         Spirit   .   (no helmet)
rElec    .         Reflect  .   (no cloak)
rCorr    .         Harm     .   e - +0 pair of gloves
MR       .....                  (no boots)
Stlth    ++........             (no amulet)
HPRegen  0.14/turn              X - +4 ring of dexterity
MPRegen  0.09/turn              (no ring)

@: no status effects
A: rugged brown scales 1, nightstalker 1, powered by death 1
a: no special abilities


You were on level 2 of the Dungeon.
You were not hungry.

You visited 1 branch of the dungeon, and saw 3 of its levels.

You collected 129 gold pieces.


Innate Abilities, Weirdness & Mutations

You are partially covered in rugged brown scales. (AC +1, +3% HP)
You are slightly more attuned to the shadows.
You regenerate a little health from kills.


   Skills:
 + Level 4.3 Fighting
 * Level 5.0 Axes
 - Level 2.6 Dodging
 - Level 1.7 Stealth


You had 4 spell levels left.
You didn't know any spells.
Your spell library was empty.

Inventory:

Hand Weapons
 a - a +0 hand axe (weapon)
Missiles
 h - 4 tomahawks
 i - 29 stones (quivered)
Armour
 b - a +0 robe
 e - a +0 pair of gloves (worn)
 w - a +0 scale mail (worn)
Jewellery
 X - a +4 ring of dexterity (left hand)
Wands
 d - a wand of flame (30)
 u - a wand of enslavement (11)
Scrolls
 f - 4 scrolls of magic mapping {unknown}
 g - 2 scrolls of enchant weapon {unknown}
 k - a scroll of fear {unknown}
 n - a scroll of teleportation {unknown}
 o - 3 scrolls of identify {unknown}
 r - a scroll of noise {unknown}
 t - 3 scrolls of remove curse {unknown}
 x - 2 scrolls of immolation {unknown}
Potions
 j - a potion of degeneration {unknown}
 l - a potion of resistance {unknown}
 m - 2 potions of might {unknown}
 q - a potion of magic {unknown}
 s - 2 potions of cancellation {unknown}
 v - a potion of heal wounds {unknown}
Comestibles
 c - 3 rations {@e1}
 z - 3 chunks of flesh

Dungeon Overview and Level Annotations

Branches:
Dungeon (3/15)

Altars:
Uskayaw

..........####.##.############.##
.......>..# #..#.# ##########.#
..........# ##.#.# #.....รท....#
..........# #.#.# #.##########
..........# #.#.# #.# ..........#
#...# #.# ..........######..# #.#
.............# #.[###.##########
.............# #)@[............#
###..........# ##[o..........#.#
#..........# #.#..........#.#
############ #.#.#.#..##..#.#
#.#.#<...##..#.# #.#.#.#.###..#.#
#.#.#.#......#.#
#################.#.#.####...#.#
...............##.#.#.# #...#.#


You could see an orc priest.


Message History

You hit the orc priest but do no damage.
The orc priest is heavily wounded.
The orc priest closely misses you.
You hit the orc priest but do no damage.
The orc priest is heavily wounded.
The orc priest closely misses you.
You hit the orc priest but do no damage.
The orc priest is heavily wounded.
The orc priest closely misses you.
You hit the orc priest.
The orc priest is severely wounded.
The orc priest hits you with a flail.
* * * LOW HITPOINT WARNING * * *
You hit the orc priest but do no damage.
The orc priest is severely wounded.
The orc priest hits you with a flail.
* * * LOW HITPOINT WARNING * * *
You completely miss the orc priest.
The orc priest is severely wounded.
You closely miss the orc priest.
The orc priest is severely wounded.
The orc priest barely misses you.
Your scale mail prevents you from hitting the orc priest.
The orc priest is severely wounded.
The orc priest closely misses you.
You barely miss the orc priest.
The orc priest is severely wounded.
The orc priest invokes the aid of Beogh against you.
Pain shoots through your body!
You die...

Skill      XL: |  1  2  3  4  5 |
---------------+----------------+-----
Axes           | 3 4 5 |  5.0
Fighting       | 4 |  4.3
Dodging        | |  2.6
Stealth        | |  1.7

Action                   |  1- 3 |  4- 6 || total
-------------------------+-------+-------++-------
Melee: Hand axe          |   135 |   138 ||   273
Throw: Tomahawk          |    12 |     7 ||    19
       Stone             |       |    16 ||    16
  Use: Potion            |     1 |     2 ||     3
 Stab: Sleeping          |     4 |     1 ||     5
       Distracted        |     1 |       ||     1
  Eat: Chunk             |     4 |     4 ||     8
Armor: Robe              |    41 |       ||    41
       Scale mail        |     7 |    57 ||    64
Dodge: Dodged            |   119 |    62 ||   181

Vault maps used:
D:1:      mrwooster_arrival_statue_3
D:2:      dancing_weapons_uskayaw
D:3:      zin_scriptorium, first_ration, uniq_natasha

Notes
Turn   | Place    | Note
-------+----------+-------------------------------------------
     0 | D:1      | MothsLongingForFire the Demonspawn Monk began the quest for the Orb.
     0 | D:1      | Reached XP level 1. HP: 18/18 MP: 1/1
     0 | D:1      | Upgraded the game from 0.22-a0-558-gc224181 to 0.22-a0-565-gfc6459a
   206 | D:1      | Reached skill level 3 in Axes
   341 | D:1      | Gained mutation: You are partially covered in rugged brown scales. (AC +1, +3% HP) [demonic ancestry]
   341 | D:1      | Reached XP level 2. HP: 18/24 MP: 2/2
  1010 | D:2      | Gained mutation: You are slightly more attuned to the shadows. [demonic ancestry]
  1010 | D:2      | Reached XP level 3. HP: 21/29 MP: 3/3
  1355 | D:2      | Found a hide-covered altar of Uskayaw.
  1519 | D:2      | Noticed a dagger
  1520 | D:2      | Noticed a hand axe
  2182 | D:3      | Reached skill level 4 in Axes
  2266 | D:3      | Reached XP level 4. HP: 33/38 MP: 4/4
  2551 | D:2      | Reached skill level 4 in Fighting
  2777 | D:2      | Gained mutation: You regenerate a little health from kills. [demonic ancestry]
  2777 | D:2      | Reached XP level 5. HP: 28/43 MP: 5/5
  3174 | D:2      | Reached skill level 5 in Axes
  3243 | D:2      | HP: 4/44 [orc priest/flail (1)]
  3247 | D:2      | Killed from afar by an orc priest

Vanquished Creatures
  3 orc wizards
  5 adders
  A worm (D:3)
  2 dart slugs
  2 leopard geckos
  5 orcs
  4 giant cockroaches
  7 goblins
  3 hobgoblins
  10 jackals
  2 ball pythons (D:1)
  8 bats
  5 frilled lizards
  4 kobolds
  4 rats
65 creatures vanquished.

Table legend:
 A = Turns spent in this place as a percentage of turns spent in the entire game.
 B = Non-inter-level travel turns spent in this place as a percentage of non-inter-level travel turns spent in the entire game.
 C = Inter-level travel turns spent in this place as a percentage of turns spent in this place.
 D = Turns resting spent in this place as a percentage of non-inter-level travel turns spent in this place.
 E = Turns spent auto-exploring this place as a percentage of non-inter-level travel turns spent in this place.
 F = Non-inter-level travel turns spent in this place divided by the number of levels of this place that you've seen.
                   A       B       C       D       E      F
               +-------+-------+-------+-------+-------+----------------------
         Total | 100.0 | 100.0 |   3.0 |  32.4 |  41.9 | 1049.7
       Dungeon | 100.0 | 100.0 |   3.0 |  32.4 |  41.9 | 1049.7
               +-------+-------+-------+-------+-------+----------------------

Table legend:
 A = Spawn XP
 B = Non-spawn XP
 C = Spawn XP percentage of total XP
 D = Spawn monster count
 E = Non-spawn monster count
 F = Spawn count percentage of total count
 G = Total turns spent on level
                    A         B        C        D         E        F      G
               +---------+---------+-------+---------+---------+-------+---------
         Total |       0 |     297 |   0.0 |       0 |      65 |   0.0 |  3247
               +---------+---------+-------+---------+---------+-------+---------
           D:1 |       0 |      33 |   0.0 |       0 |      21 |   0.0 |   855
           D:2 |       0 |     158 |   0.0 |       0 |      28 |   0.0 |  1840
           D:3 |       0 |     106 |   0.0 |       0 |      16 |   0.0 |   552
               +---------+---------+-------+---------+---------+-------+---------
